 Dungeon Crawl Stone Soup version 0.21-a0-88-g13b9641 (webtiles) character file.

212 Ijustatesigmund the Sneak (level 5, -3/37 HPs)
             Began as an Octopode Assassin on June 26, 2017.
             Slain by an orc
             ... wielding a +0 dagger
              (4 damage)
             ... on level 4 of the Dungeon.
             The game lasted 00:04:59 (2421 turns).

Ijustatesigmund the Sneak (Octopode Assassin)       Turns: 2421, Time: 00:04:59

Health: -3/37      AC:  2    Str: 11    XL:     5   Next: 89%
Magic:  5/5        EV: 14    Int: 18    God:
Gold:   172        SH:  0    Dex: 14    Spells: 4/4 levels left

rFire    . . .     SeeInvis .   a - +2 dagger
rCold    . . .     Gourm    .   (no shield)
rNeg     . . .     Faith    .   (helmet restricted)
rPois    .         Spirit   .   (no amulet)
rElec    .         Reflect  .   l - +1 ring of protection
rCorr    .         Harm     .   (no ring)
MR       .....                  (no ring)
Stlth    ++++......             (no ring)
HPRegen  0.12/turn              (no ring)
MPRegen  0.09/turn              (no ring)
                                (no ring)
                                (no ring)

@: brilliant
A: almost no armour, stealthy swim, amphibious, 8 rings, constrict 8, camouflage
1, gelatinous body 1
a: no special abilities


You were on level 4 of the Dungeon.
You were not hungry.

You visited 1 branch of the dungeon, and saw 4 of its levels.

You collected 172 gold pieces.

Inventory:

Hand Weapons
 a - a +2 dagger (weapon)
 b - a +0 blowgun
Missiles
 c - 8 poisoned needles
 d - 2 curare-tipped needles
Jewellery
 l - a +1 ring of protection (left tentacle)
Wands
 k - a wand of lightning (6/15)
Scrolls
 e - a scroll of remove curse
 h - a scroll of recharging
Potions
 g - a potion of resistance
Books
 j - a book of Callings

   Spells                             Type                      Level
   a - Summon Small Mammal            Summoning                    1
   b - Call Imp                       Summoning                    2
   c - Call Canine Familiar           Summoning                    3
   d - Summon Guardian Golem          Hexes/Summoning              3
   e - Summon Lightning Spire         Summoning/Air                4
   f - Summon Ice Beast               Ice/Summoning                4


   Skills:
 + Level 3.8 Fighting
 + Level 3.3 Short Blades
 - Level 2.0 Throwing
 - Level 2.4 Dodging
 + Level 6.4 Stealth


You had 4 spell levels left.
You didn't know any spells.

Dungeon Overview and Level Annotations

Branches:
Dungeon (4/15)
 Temple: D:4-7

Altars:

Annotations:
D:3 HAL9000's ghost, amateur OgHu


Innate Abilities, Weirdness & Mutations

You cannot wear most types of armour.
You are very stealthy in the water. (Stealth+)
You are amphibious.
You can wear up to eight rings at the same time.
You can use your tentacles to constrict eight enemies at once.
Your skin changes colour to match your surroundings (Stealth+).
Your rubbery body absorbs attacks. (AC +1, EV +1)


Message History

You hit the orc priest. Your grab misses the orc priest.
The orc priest is lightly wounded.
The orc wizard casts a spell at you. The puff of flame misses you.
The orc barely misses you. The orc hits you but does no damage.
The orc priest misses you. The orc hits you with a dagger.
* * * LOW HITPOINT WARNING * * *
You completely miss the orc priest. You grab the orc priest.
Your squeeze misses the orc priest.
The orc priest is lightly wounded.
You constrict the orc priest. The orc wizard hits you with a dagger.
* * * LOW HITPOINT WARNING * * *
The orc misses you. The orc hits you with a dagger.
* * * LOW HITPOINT WARNING * * *
You feel better.
You constrict the orc priest. The orc priest hits you with a mace!
* * * LOW HITPOINT WARNING * * *
The orc misses you. The orc wizard closely misses you.
The orc hits you but does no damage. The orc hits you with a dagger.
You die...

.. .. #.# >.# .. ##..#
###.####...###
#................#####
#..........##.... ...#
#...o.o....##...####..
#...o@.....##...##....
#...oo.....##......##.
###..##..####....# #.
#.# ##.## #†..# ## #.#
#..###...# ### #.#
##..##...# ##.. #.#
##.##...###... #.#
#............ #.#
####......##.###


You could see an orc priest, an orc wizard and 3 orcs.

Vanquished Creatures
  A scorpion (D:4)
  A hound (D:4)
  3 gnolls (D:4)
  A howler monkey skeleton (D:4)
  3 adders
  2 worms
  2 dart slugs
  5 leopard geckos
  An orc (D:4)
  5 bats
  3 giant cockroaches
  6 goblins
  6 hobgoblins
  9 kobolds
  A quokka (D:2)
  4 frilled lizards
  4 rats
57 creatures vanquished.

Notes
Turn   | Place    | Note
-------+----------+-------------------------------------------
     0 | D:1      | Ijustatesigmund the Octopode Assassin began the quest for the Orb.
     0 | D:1      | Reached XP level 1. HP: 14/14 MP: 1/1
   118 | D:1      | Reached XP level 2. HP: 19/20 MP: 2/2
   587 | D:1      | Reached XP level 3. HP: 19/25 MP: 3/3
  1230 | D:2      | Reached XP level 4. HP: 31/31 MP: 4/4
  1791 | D:3      | Noticed HAL9000's ghost (amateur OgHu)
  1795 | D:4      | Noticed a phantom
  1919 | D:4      | Reached XP level 5. HP: 21/36 MP: 5/5
  2117 | D:4      | Reached skill level 6 in Stealth
  2420 | D:4      | HP: 1/37 [orc/dagger (3)]
  2421 | D:4      | Slain by an orc

Vault maps used:
D:1:      lordsloth_arrival_two_stooges
D:2:      minmay_domino_4
D:3:      serial_bayou_ford_a, chequers_big_river
D:4:      lemuel_castle_with_subvaults, first_bread

Skill      XL: |  1  2  3  4  5 |
---------------+----------------+-----
Dodging        | 2 |  2.4
Fighting       | 3 |  3.8
Short Blades   | 3 |  3.3
Stealth        | 6 |  6.4
Throwing       | |  2.0

Action                   |  1- 3 |  4- 6 || total
-------------------------+-------+-------++-------
Melee: Dagger            |    60 |    53 ||   113
       Constrict         |    16 |     7 ||    23
       Tentacles         |     9 |     6 ||    15
  Use: Scroll            |     3 |     5 ||     8
       Potion            |     1 |     5 ||     6
 Stab: Sleeping          |    14 |    12 ||    26
       Distracted        |       |     1 ||     1
  Eat: Chunk             |     1 |     1 ||     2
       Bread ration      |       |     1 ||     1
Armor: Skin              |     2 |     8 ||    10
Dodge: Dodged            |    24 |    41 ||    65
